 Dungeon Sprint DCSS version 0.27-a0-1442-g87b6fcb595 (webtiles) character file.

Game seed: 15777984997866867594

670317 mhtbhm the Conqueror (level 22, -5/233 HPs)
             Began as a Minotaur Berserker on July 5, 2021.
             Was the Champion of Trog.
             Slain by Cerebov (38 damage)
             ... in the Dungeon (Sprint IX: "|||||||||||||||||||||||||||||").
             The game lasted 00:43:30 (11787 turns).

mhtbhm the Conqueror (Minotaur Berserker)          Turns: 11787, Time: 00:43:32

Health: -5/233     AC: 44    Str: 39    XL:     22   Next: 45%
Magic:  32/32      EV: 22    Int:  6    God:    Trog [******]
Gold:   255        SH:  0    Dex: 16    Spells: 21/21 levels left

rFire    + . .     SeeInvis .   H - +9 great sword (holy)
rCold    + + .     Faith    .   (shield currently unavailable)
rNeg     . . .     Spirit   .   b - +7 gold dragon scales
rPois    +         Reflect  .   (helmet restricted)
rElec    +         Harm     .   y - +2 cloak
rCorr    .         Rampage  .   w - +2 pair of gloves {Str+3}
Will     +....     NoTele   +   k - +0 pair of boots
Stlth    +++.......             F - amulet of regeneration
HPRegen  1.48/turn              A - +6 ring of strength
MPRegen  0.23/turn              x - ring "Kakkur" {Contam rElec rF+ Dex+6}

@: fire vulnerable, on berserk cooldown, slowed, very slow
A: horns 2, retaliatory headbutt, clever 1, clumsy 1, cold resistance 1
}: 12/17 runes: decaying, serpentine, barnacled, slimy, elven, silver, golden,
iron, bone, abyssal, dark, gossamer
a: Renounce Religion, Berserk, Trog's Hand, Brothers in Arms


You were in the Dungeon.
You worshipped Trog.
Trog was exalted by your worship.
You visited 1 branch You collected 1969 gold pieces.
You spent 1714 gold pieces at shops.

Inventory:

Hand Weapons
 a - the +7 great mace "Firestarter" {inner flame, rF++}
   (You found it in the Dungeon)

   It has been specially enchanted to burn those struck by it, causing extra
   injury to most foes and up to half again as much damage against particularly
   susceptible opponents.
   rF:        It greatly protects you from fire.
 C - a +1 eudemon blade of holy wrath
 H - a +9 great sword of holy wrath (weapon)
Missiles
 m - 3 throwing nets
 D - 13 silver javelins (quivered)
 G - 22 javelins
Armour
 b - +7 gold dragon scales (worn)
 k - a +0 pair of boots (worn)
 w - a +2 pair of gloves of strength (worn)
 y - a +2 cloak (worn)
 E - a +0 tower shield
 O - the +1 plate armour of the Planets {rN+ Regen+ Int+6}
   (You found it in the Dungeon)

   Int:       It affects your intelligence (+6).
   rN:        It protects you from negative energy.
   Regen:     It increases your rate of health regeneration.
Jewellery
 x - the ring "Kakkur" (right hand) {Contam rElec rF+ Dex+6}
   (You bought it in a shop in the Dungeon)

   [ring of dexterity]

   Dex:       It affects your dexterity (+6).
   rF:        It protects you from fire.
   rElec:     It insulates you from electricity.
   Contam:    It causes magical contamination when unequipped.
 A - a +6 ring of strength (left hand)
 F - an amulet of regeneration (around neck)
 K - the amulet of Zisuocag {Faith Harm rC+++}
   (You found it in the Dungeon)

   [amulet of faith]

   It allows you to gain divine favour quickly.
   rC:        It renders you almost immune to cold.
   Harm:      It increases damage dealt and taken.
 L - the ring of Kiufip {rElec Str+3 Int-4 Slay+5}
   (You found it in the Dungeon)

   [ring of strength]

   Str:       It affects your strength (+3).
   Int:       It affects your intelligence (-4).
   Slay:      It affects your accuracy & damage with ranged weapons and melee
   (+5).
   rElec:     It insulates you from electricity.
 N - the ring of Ajiej {Will+ Int+3 Dex+2}
   (You found it in the Dungeon)

   [ring of intelligence]

   Int:       It affects your intelligence (+3).
   Dex:       It affects your dexterity (+2).
   Will:      It increases your willpower.
Wands
 f - a wand of charming (5)
 j - a wand of iceblast (6)
Scrolls
 h - 4 scrolls of blinking
 p - 2 scrolls of identify
 r - 2 scrolls of fog
 u - 7 scrolls of fear
 I - a scroll of immolation
Potions
 c - 4 potions of curing
 d - 11 potions of heal wounds
 e - 5 potions of haste
 g - 3 potions of berserk rage
 i - a potion of invisibility
 n - 2 potions of might
 o - a potion of ambrosia
 q - a potion of cancellation
 s - a potion of mutation
 t - 9 potions of magic
 v - 2 potions of resistance
 z - a potion of flight
Miscellaneous
 l - the horn of Geryon


   Skills:
 O Level 27 Fighting
 + Level 16.1(22.3) Short Blades
 O Level 27 Long Blades
 + Level 17.3(27) Axes
 O Level 27 Maces & Flails
 + Level 23.3(26.5) Polearms
 + Level 17.3(27) Staves
 + Level 16.1(24.1) Slings
 + Level 16.1 Bows
 + Level 16.1 Crossbows
 O Level 27 Throwing
 O Level 27 Armour
 O Level 27 Dodging
 O Level 27 Stealth
 + Level 17.3 Shields
 + Level 16.1 Unarmed Combat
 + Level 14.9 Invocations
 O Level 27 Evocations


You had 21 spell levels left.
You didn't know any spells.
Your spell library was empty.

Dungeon Overview and Level Annotations

Branches:
Dungeon (1/1)

Altars:
Cheibriados
Dithmenos
Elyvilon
Fedhas
Gozag
Hepliaklqana
Kikubaaqudgha
Makhleb
Nemelex Xobeh
Okawaru
Qazlal
Ru
Sif Muna
Trog
Uskayaw
Vehumet
Wu Jian
Xom
Yredelemnul
Zin
The Shining One
Beogh
Jiyva
Lugonu

Shops:
D =[!(

Annotations:
D Cerebov, Lom Lobon


Innate Abilities, Weirdness & Mutations

You have a pair of horns on your head.
You reflexively headbutt those who attack you in melee.
Your mind is acute. (Int +2)
You are clumsy. (Dex -2)
Your flesh is cold resistant. (rC+)


Message History

Cerebov is heavily wounded.
Cerebov hits you with the +6 sword of Cerebov {flame}!!
Cerebov burns you.
You slice Cerebov!!
Cerebov convulses!
Your headbutt misses Cerebov.
Cerebov is heavily wounded.
Cerebov closely misses you. You furiously retaliate!
You headbutt Cerebov!
You riposte.
You chop Cerebov into pieces!!!
Cerebov convulses!!!
You headbutt Cerebov, but do no damage.
Cerebov is severely wounded.
Lom Lobon gestures.
A freezing vortex appears around Lom Lobon!
You slash Cerebov!
Cerebov convulses!
You headbutt Cerebov, but do no damage.
Cerebov is severely wounded.
Cerebov hits you with the +6 sword of Cerebov {flame}!!!
* * * LOW HITPOINT WARNING * * *
Cerebov burns you.
* * * LOW HITPOINT WARNING * * *
You slice Cerebov!!
Cerebov convulses!!
You headbutt Cerebov!
Cerebov is almost dead.
You slice Cerebov!!
Cerebov convulses!
Your headbutt misses Cerebov.
Cerebov is almost dead.
The ball lightning explodes!
The blast of lightning engulfs Lom Lobon.
Lom Lobon completely resists.
The blast of lightning engulfs the ball lightning.
The ball lightning completely resists.
The blast of lightning engulfs the hellion!!!
The hellion dies!
Cerebov hits you with the +6 sword of Cerebov {flame}!!
* * * LOW HITPOINT WARNING * * *
Cerebov burns you.
* * * LOW HITPOINT WARNING * * *
Unknown command.
You slice Cerebov!!
Cerebov convulses!
You headbutt Cerebov.
Cerebov is almost dead.
You are no longer berserk.
You are exhausted.
You feel yourself slow down.
Cerebov hits you with the +6 sword of Cerebov {flame}!!!
You die...

▓▓▓▓▓▓▓▓▓▓▓▓▓▓▓▓▓▓▓▓▓▓▓▓
§.&φ.*&@○φ..φ.........'.
▓▓▓▓▓▓▓▓▓▓▓▓▓▓▓▓▓▓▓▓▓▓▓▓▓
▓........................
▓.▓▓▓▓▓▓▓▓▓▓▓▓▓▓▓▓▓▓▓▓▓▓▓
▓......'.......)†..')....
▓▓▓▓▓▓▓▓▓▓▓▓▓▓▓▓▓▓▓▓▓▓▓▓▓
▓........................
▓.▓▓▓▓▓▓▓▓▓▓▓▓▓▓▓▓▓▓▓▓▓▓▓
▓.....'........).........


You could see Cerebov (fast), Lom Lobon (vortex) and a ball lightning.

Vanquished Creatures
  Antaeus (D)
  Asmodeus (D)
  the Royal Jelly (D)
  Ereshkigal (D)
  Gloorx Vloq (D)
  Mnoleg (D)
  5 orbs of fire (D)
  Dispater (D)
  Mennas (D)
  6 ancient liches (D)
  5 royal mummies (D)
  Boris (D)
  A Killer Klown (D)
  Saint Roka (D)
  Geryon (D)
  Margery (D)
  Xtahua (D)
  3 golden dragons (D)
  2 bone dragons (D)
  3 electric golems (D)
  A lich (D)
  6 tentacled monstrosities (D)
  A deep elf blademaster (D)
  27 Orb Guardians (D)
  Frances (D)
  8 acid blobs (D)
  A death cob (D)
  A tengu reaver (D)
  3 storm dragons (D)
  Ilsuiw (D)
  Kirke (D)
  Donald (D)
  12 sphinxes (D)
  6 shadow dragons (D)
  4 frost giants (D)
  8 rockslimes (D)
  3 draconian monks (D)
  2 draconian knights (D)
  8 nagarajas (D)
  A deep elf sorcerer (D)
  3 ghost moths (D)
  3 fire giants (D)
  4 azure jellies (D)
  A draconian scorcher (D)
  3 vault wardens (D)
  Louise (D)
  2 draconian stormcallers (D)
  2 emperor scorpions (D)
  7 stone giants (D)
  A very ugly thing (D)
  2 ironbound preservers (D)
  4 draconian annihilators (D)
  2 green draconians (D)
  3 quicksilver oozes (D)
  10 vampire knights (D)
  4 deep elf demonologists (D)
  2 entropy weavers (D)
  2 yellow draconians (D)
  A deep elf annihilator (D)
  3 white draconians (D)
  7 red draconians (D)
  A black draconian (D)
  2 purple draconians (D)
  4 merfolk javelineers (D)
  4 ettins (D)
  An eleionoma (D)
  8 deep elf death magi (D)
  2 mummy priests (D)
  2 great orbs of eyes (D)
  5 fire dragons (D)
  A shambling mangrove (D)
  4 merfolk impalers (D)
  Harold (D)
  6 yaktaur captains (D)
  2 ironbound thunderhulks (D)
  26 vault guards (D)
  A rakshasa (D)
  A deep elf high priest (D)
  8 hydras (D)
  Erolcha (D)
  5 ice dragons (D)
  A spriggan air mage (D)
  3 merfolk aquamancers (D)
  2 centaur warriors (D)
  A ghost crab (D)
  Erica (D)
  A merfolk avatar (D)
  A dancing weapon (D)
  A deep troll shaman (D)
  A two-headed ogre (D)
  An orc high priest (D)
  An anaconda (D)
  2 deep troll earth magi (D)
  A death yak (D)
  3 large abominations (D)
  4 hell knights (D)
  Nergalle (D)
  A wretched star (D)
  A shadow wraith (D)
  A sea snake (shapeshifter) (D)
  A flayed ghost (D)
  A sea snake (D)
  A spriggan druid (D)
  2 starcursed masses (D)
  2 naga ritualists (D)
  A phantasmal warrior (D)
  5 swamp dragons (D)
  2 lindwurms (D)
  2 wizards (D)
  2 ironbound convokers (D)
  A deep elf pyromancer (D)
  2 necromancers (D)
  6 ugly things (D)
  2 wolf spiders (D)
  An orb spider (D)
  5 orc knights (D)
  10 moths of wrath (D)
  2 cyclopes (D)
  A will-o-the-wisp (D)
  A manticore (D)
  7 orc sorcerers (D)
  Maurice (D)
  An apocalypse crab (D)
  2 black mambas (D)
  2 guardian serpents (D)
  4 naga magi (D)
  A water nymph (D)
  A gargoyle (D)
  A vault sentinel (D)
  2 cane toads (D)
  A rime drake (D)
  4 demonic crawlers (D)
  A komodo dragon (D)
  A freezing wraith (D)
  21 guardian mummies (D)
  A tengu conjurer (D)
  2 trolls (D)
  4 jumping spiders (D)
  3 merfolk (D)
  A wandering mushroom (D)
  6 tyrant leeches (D)
  4 hornets (D)
  2 slime creatures (D)
  2 blink frogs (D)
  11 spriggans (D)
  A snapping turtle (D)
  2 redbacks (D)
  2 hogs (D)
  A human (D)
  A fire bat (D)
  3 yaks (D)
  A golden eye (D)
  A vampire mosquito (D)
  A steam dragon (D)
  An acid dragon (D)
  3 nagas (D)
  5 water moccasins (D)
  2 floating eyes (D)
  4 swamp drakes (D)
  8 orc warriors (D)
  A black bear (D)
  A necrophage (D)
  2 wolves (D)
  A bullfrog (D)
  A killer bee (D)
  A jelly (D)
  2 orc priests (D)
  10 orc wizards (D)
  An adder (D)
  A shadow imp (D)
  A worm (D)
  A dart slug (D)
  13 orcs (D)
  A hobgoblin (D)
  A jackal (D)
  A quokka (D)
  2 frilled lizards (D)
  A quokka zombie (D)
  A fire vortex (D)
  A lurking horror (D)
530 creatures vanquished.

Vanquished Creatures (collateral kills)
  An ironbound preserver (D)
1 creature vanquished.

Vanquished Creatures (others)
  A merfolk aquamancer (D)
  2 humans (D)
  A fire vortex (D)
  5 foxfires (D)
9 creatures vanquished.

Grand Total: 540 creatures vanquished

Notes
Turn   | Place    | Note
-------+----------+-------------------------------------------
     0 | D        | mhtbhm the Minotaur Berserker began the quest for the Orb.
     0 | D        | Reached XP level 1. HP: 19/19 MP: 0/0
    17 | D        | Reached ** piety under Trog
    56 | D        | Noticed a necrophage
    58 | D        | Reached skill level 5 in Fighting
    58 | D        | Reached skill level 5 in Polearms
    58 | D        | Reached XP level 2. HP: 29/29 MP: 1/1
    60 | D        | Killed a necrophage
    60 | D        | Reached *** piety under Trog
    61 | D        | Reached XP level 3. HP: 39/39 MP: 2/2
    61 | D        | Reached XP level 4. HP: 47/47 MP: 3/3
   204 | D        | Found a snail-covered altar of Cheibriados.
   204 | D        | Found a shadowy altar of Dithmenos.
   204 | D        | Found a white marble altar of Elyvilon.
   204 | D        | Found a blossoming altar of Fedhas.
   204 | D        | Found an opulent altar of Gozag.
   205 | D        | Found a hazy altar of Hepliaklqana.
   206 | D        | Found a viscous altar of Jiyva.
   207 | D        | Found an ancient bone altar of Kikubaaqudgha.
   208 | D        | Found a corrupted altar of Lugonu.
   209 | D        | Found a burning altar of Makhleb.
   210 | D        | Found a sparkling altar of Nemelex Xobeh.
   211 | D        | Found an iron altar of Okawaru.
   212 | D        | Found a stormy altar of Qazlal.
   213 | D        | Found a sacrificial altar of Ru.
   214 | D        | Found a shimmering blue altar of Sif Muna.
   215 | D        | Found a bloodstained altar of Trog.
   216 | D        | Found a hide-covered altar of Uskayaw.
   217 | D        | Found a radiant altar of Vehumet.
   218 | D        | Found an ornate altar of the Wu Jian Council.
   219 | D        | Found a shimmering altar of Xom.
   220 | D        | Found a basalt altar of Yredelemnul.
   221 | D        | Found a glowing silver altar of Zin.
   222 | D        | Found a glowing golden altar of the Shining One.
   231 | D        | Found the +8 arc blade {discharge, rElec}
   269 | D        | Noticed a komodo dragon
   269 | D        | Noticed a yak
   269 | D        | Noticed a troll
   273 | D        | Killed a troll
   273 | D        | Reached **** piety under Trog
   274 | D        | Reached skill level 10 in Fighting
   274 | D        | Reached skill level 10 in Polearms
   274 | D        | Reached skill level 5 in Armour
   274 | D        | Reached skill level 5 in Dodging
   274 | D        | Reached XP level 5. HP: 58/58 MP: 4/4
   274 | D        | Reached XP level 6. HP: 66/66 MP: 5/5
   282 | D        | Killed a yak
   282 | D        | Reached ***** piety under Trog
   283 | D        | Reached XP level 7. HP: 74/74 MP: 6/6
   288 | D        | Killed a komodo dragon
   390 | D        | Noticed a brown ugly thing
   390 | D        | Noticed a deep elf pyromancer
   390 | D        | Noticed a troll
   390 | D        | Noticed a two-headed ogre
   390 | D        | Noticed a gargoyle
   396 | D        | Killed a gargoyle
   397 | D        | Reached XP level 8. HP: 86/86 MP: 7/7
   402 | D        | Killed a two-headed ogre
   403 | D        | Reached skill level 15 in Polearms
   406 | D        | Killed a troll
   407 | D        | Reached XP level 9. HP: 87/95 MP: 8/8
   409 | D        | Killed a brown ugly thing
   417 | D        | Killed a deep elf pyromancer
   417 | D        | Reached ****** piety under Trog
   418 | D        | Reached skill level 15 in Fighting
   702 | D        | Found the +7 great mace "Firestarter" {inner flame, rF++}
   729 | D        | Noticed a cane toad
   729 | D        | Noticed a cane toad
   735 | D        | Received a gift from Trog
   737 | D        | Killed a cane toad
   738 | D        | Reached skill level 1 in Maces & Flails
   740 | D        | Reached skill level 10 in Armour
   741 | D        | Killed a cane toad
   742 | D        | Reached XP level 10. HP: 98/106 MP: 9/9
  1153 | D        | Noticed a death yak
  1163 | D        | Killed a death yak
  1164 | D        | Reached skill level 5 in Maces & Flails
  1164 | D        | Reached skill level 1 in Evocations
  1167 | D        | Received a gift from Trog
  1344 | D        | Noticed a lindwurm
  1350 | D        | Received a gift from Trog
  1358 | D        | Noticed a lindwurm
  1359 | D        | Killed a lindwurm
  1360 | D        | Reached skill level 10 in Maces & Flails
  1364 | D        | Killed a lindwurm
  1365 | D        | Reached XP level 11. HP: 46/116 MP: 10/10
  1654 | D        | Noticed Maurice
  1662 | D        | Killed Maurice
  1853 | D        | Noticed an orc knight
  1853 | D        | Noticed an orc knight
  1857 | D        | Killed an orc knight
  1857 | D        | Received a gift from Trog
  1858 | D        | Reached skill level 1 in Stealth
  1864 | D        | Killed an orc knight
  1894 | D        | Received a gift from Trog
  2024 | D        | Noticed an orc knight
  2027 | D        | Killed an orc knight
  2028 | D        | Noticed an orc knight
  2029 | D        | Noticed an orc knight
  2030 | D        | Received a gift from Trog
  2146 | D        | Killed an orc knight
  2149 | D        | Killed an orc knight
  2527 | D        | Received a gift from Trog
  2703 | D        | Noticed an orc high priest
  2709 | D        | Killed an orc high priest
  2761 | D        | Found Sizeeps's Antique Weapon Boutique.
  2761 | D        | Noticed an orc sorcerer
  2761 | D        | Noticed an orc sorcerer
  2762 | D        | Noticed an orc sorcerer
  2764 | D        | Noticed an orc sorcerer
  2766 | D        | Killed an orc sorcerer
  2769 | D        | Noticed a soul eater
  2770 | D        | Killed an orc sorcerer
  2770 | D        | Received a gift from Trog
  2771 | D        | Noticed an orc sorcerer
  2771 | D        | Found Acaxt's Distillery.
  2775 | D        | Killed an orc sorcerer
  2776 | D        | Reached skill level 15 in Maces & Flails
  2872 | D        | Paralysed by an orc sorcerer for 7 turns
  2873 | D        | Killed an orc sorcerer
  3226 | D        | Noticed a soul eater
  3229 | D        | Killed an orc sorcerer
  3229 | D        | Identified the +4 halberd "Riuttac" {vorpal, rElec rC+
                  | rCorr SInv} (Trog gifted it to you in the Dungeon)
  3229 | D        | Received a gift from Trog
  3318 | D        | Noticed an orc sorcerer
  3324 | D        | Killed an orc sorcerer
  3415 | D        | Found Huig's Armour Boutique.
  3415 | D        | Noticed an orc sorcerer
  3415 | D        | Paralysed by an orc sorcerer for 4 turns
  3420 | D        | Found Wuturyix's Jewellery Shop.
  3425 | D        | Killed an orc sorcerer
  3425 | D        | Received a gift from Trog
  3609 | D        | Bought a potion of haste for 140 gold pieces
  3609 | D        | Bought a potion of resistance for 140 gold pieces
  3609 | D        | Bought a potion of might for 56 gold pieces
  3609 | D        | Bought a potion of haste for 140 gold pieces
  3609 | D        | Bought a potion of curing for 42 gold pieces
  3611 | D        | Bought a +2 pair of gloves of strength for 236 gold pieces
  3613 | D        | Bought the ring "Kakkur" {Contam rElec rF+ Dex+6} for 960
                  | gold pieces
  3637 | D        | Noticed Erica
  3641 | D        | Killed Erica
  3656 | D        | Noticed Harold
  3663 | D        | Killed Harold
  3664 | D        | Reached XP level 12. HP: 120/128 MP: 11/11
  3796 | D        | Got the +1 plate armour of the Planets {rN+ Regen+ Int+6}
  3829 | D        | Noticed a centaur warrior
  3829 | D        | Noticed a centaur warrior
  3829 | D        | Noticed an eight-headed hydra
  3833 | D        | Killed an eight-headed hydra
  3833 | D        | Received a gift from Trog
  3835 | D        | Noticed a lich
  3837 | D        | Killed a centaur warrior
  3837 | D        | Noticed a fire dragon
  3838 | D        | Noticed an ice dragon
  3841 | D        | Killed a centaur warrior
  3843 | D        | Noticed a brown very ugly thing
  3849 | D        | Killed a lich
  3850 | D        | Reached skill level 15 in Armour
  3853 | D        | Killed a brown very ugly thing
  3853 | D        | Received a gift from Trog
  3882 | D        | Killed a fire dragon
  3882 | D        | Killed an ice dragon
  3931 | D        | Noticed a stone giant
  3937 | D        | Killed a stone giant
  3967 | D        | Noticed a stone giant
  3974 | D        | Killed a stone giant
  3974 | D        | Received a gift from Trog
  4132 | D        | Noticed Nergalle
  4138 | D        | Killed Nergalle
  4139 | D        | Reached XP level 13. HP: 128/139 MP: 12/12
  4207 | D        | Noticed an eleionoma
  4225 | D        | Killed an eleionoma
  4239 | D        | Received a gift from Trog
  4251 | D        | Paralysed by a hornet for 2 turns
  4258 | D        | Received a gift from Trog
  4343 | D        | Noticed a nagaraja
  4353 | D        | Received a gift from Trog
  4360 | D        | Killed a nagaraja
  4368 | D        | Received a gift from Trog
  4530 | D        | Noticed an entropy weaver
  4530 | D        | Noticed an entropy weaver
  4534 | D        | Killed an entropy weaver
  4542 | D        | Killed an entropy weaver
  4542 | D        | Received a gift from Trog
  4543 | D        | Reached skill level 10 in Dodging
  4555 | D        | Received a gift from Trog
  4743 | D        | Received a gift from Trog
  4965 | D        | Noticed Erolcha
  4971 | D        | Killed Erolcha
  4971 | D        | Identified the +11 mace of Wounding {flame, rElec rF+ rN+}
                  | (Trog gifted it to you in the Dungeon)
  4971 | D        | Received a gift from Trog
  5044 | D        | Noticed a fire giant
  5044 | D        | Noticed an ettin
  5044 | D        | Noticed a stone giant
  5049 | D        | Killed a stone giant
  5051 | D        | Reached XP level 14. HP: 155/155 MP: 13/13
  5051 | D        | Noticed a stone giant
  5052 | D        | Noticed a stone giant
  5057 | D        | Noticed a vampire knight
  5060 | D        | Killed a fire giant
  5064 | D        | Killed a stone giant
  5065 | D        | Killed a stone giant
  5066 | D        | Killed a vampire knight
  5066 | D        | Received a gift from Trog
  5188 | D        | Received a gift from Trog
  5204 | D        | Noticed a fire giant
  5212 | D        | Killed a fire giant
  5224 | D        | Received a gift from Trog
  5258 | D        | Noticed a vault warden
  5258 | D        | Noticed a vault warden
  5261 | D        | Killed a vault warden
  5264 | D        | Killed a vault warden
  5271 | D        | Received a gift from Trog
  5284 | D        | Received a gift from Trog
  5287 | D        | Noticed an ironbound preserver
  5288 | D        | Noticed an ironbound preserver
  5291 | D        | Noticed an ironbound preserver
  5318 | D        | Killed an ironbound preserver
  5339 | D        | Noticed Ereshkigal
  5339 | D        | Noticed a white draconian annihilator
  5427 | D        | Killed a white draconian annihilator
  5427 | D        | Received a gift from Trog
  5793 | D        | Paralysed by Ereshkigal for 3 turns
  5796 | D        | Noticed a Tzitzimitl
  5809 | D        | Killed Ereshkigal
  5809 | D        | Received a gift from Trog
  5810 | D        | Reached XP level 15. HP: 99/171 MP: 14/14
  6032 | D        | Noticed Xtahua
  6040 | D        | Killed Xtahua
  6041 | D        | Reached skill level 5 in Stealth
  6221 | D        | Noticed Donald
  6228 | D        | Killed Donald
  6228 | D        | Received a gift from Trog
  6240 | D        | Noticed Saint Roka
  6256 | D        | Killed Saint Roka
  6257 | D        | Reached skill level 5 in Evocations
  6304 | D        | Received a gift from Trog
  6327 | D        | Reached skill level 27 in Fighting
  6328 | D        | Received a gift from Trog
  6419 | D        | Got a decaying rune of Zot
  6710 | D        | Reached skill level 27 in Maces & Flails
  6718 | D        | Received a gift from Trog
  6724 | D        | Killed a ghost moth
  6727 | D        | Killed a ghost moth
  6736 | D        | Received a gift from Trog
  6749 | D        | Got a gossamer rune of Zot
  6785 | D        | Noticed a nagaraja
  6785 | D        | Noticed a nagaraja
  6785 | D        | Noticed a nagaraja
  6785 | D        | Noticed a nagaraja
  6786 | D        | Noticed a nagaraja
  6788 | D        | Killed a nagaraja
  6789 | D        | Noticed a nagaraja
  6792 | D        | Killed a nagaraja
  6792 | D        | Received a gift from Trog
  6793 | D        | Reached skill level 10 in Stealth
  6794 | D        | Killed a nagaraja
  6797 | D        | Killed a nagaraja
  6798 | D        | Noticed a nagaraja
  6800 | D        | Killed a nagaraja
  6800 | D        | Received a gift from Trog
  6801 | D        | Reached skill level 10 in Evocations
  6802 | D        | Killed a nagaraja
  6804 | D        | Reached XP level 16. HP: 123/183 MP: 11/15
  6810 | D        | Received a gift from Trog
  6875 | D        | Noticed Ilsuiw
  6878 | D        | Received a gift from Trog
  6887 | D        | Killed Ilsuiw
  6891 | D        | Identified the +8 halberd "Jexeil" {vorpal, rElec} (Trog
                  | gifted it to you in the Dungeon)
  6891 | D        | Received a gift from Trog
  6912 | D        | Received a gift from Trog
  6944 | D        | Got a barnacled rune of Zot
  6989 | D        | Got a serpentine rune of Zot
  7055 | D        | Noticed Kirke
  7061 | D        | Killed Kirke
  7124 | D        | Received a gift from Trog
  7128 | D        | Reached skill level 27 in Armour
  7165 | D        | Received a gift from Trog
  7173 | D        | Reached skill level 15 in Stealth
  7179 | D        | Received a gift from Trog
  7182 | D        | Reached skill level 15 in Evocations
  7254 | D        | Noticed a tentacled monstrosity
  7254 | D        | Noticed a tengu reaver
  7262 | D        | Killed a tengu reaver
  7264 | D        | Received a gift from Trog
  7274 | D        | Killed a tentacled monstrosity
  7275 | D        | Noticed a shadow dragon
  7278 | D        | Noticed a shadow dragon
  7282 | D        | Received a gift from Trog
  7398 | D        | Reached skill level 1 in Long Blades
  7398 | D        | Reached skill level 1 in Throwing
  7405 | D        | Killed a shadow dragon
  7480 | D        | Killed a shadow dragon
  7553 | D        | Reached skill level 5 in Long Blades
  7553 | D        | Reached XP level 17. HP: 191/191 MP: 16/16
  7557 | D        | Received a gift from Trog
  7563 | D        | Reached skill level 5 in Throwing
  7639 | D        | Noticed a tentacled monstrosity
  7639 | D        | Noticed an ancient lich
  7649 | D        | Killed an ancient lich
  7649 | D        | Identified the +1 trident "Qishiy" {vorpal, rF+++ rN+ Will+
                  | Str-3} (Trog gifted it to you in the Dungeon)
  7649 | D        | Received a gift from Trog
  7652 | D        | Killed a tentacled monstrosity
  7655 | D        | Reached skill level 10 in Long Blades
  7670 | D        | Received a gift from Trog
  7677 | D        | Got a silver rune of Zot
  7743 | D        | Noticed Mennas
  7769 | D        | Killed Mennas
  7770 | D        | Reached skill level 10 in Throwing
  7832 | D        | Noticed Louise
  7841 | D        | Killed Louise
  7858 | D        | Noticed Margery
  7861 | D        | Received a gift from Trog
  7862 | D        | Reached skill level 15 in Dodging
  7862 | D        | Found the +7 mace of Variability {chain chaos}
  7872 | D        | Killed Margery
  7879 | D        | Received a gift from Trog
  8023 | D        | Got the ring of Nety {Fire rN+ Str-4 Int+6 Dex+3}
  8025 | D        | Got the amulet of Zisuocag {Faith Harm rC+++}
  8027 | D        | Got the ring of Kiufip {rElec Str+3 Int-4 Slay+5}
  8029 | D        | Got the amulet "Valuit" {RegenMP Fly rPois Int+3}
  8031 | D        | Got the ring of Ajiej {Will+ Int+3 Dex+2}
  8293 | D        | Noticed Boris
  8307 | D        | Killed Boris
  8307 | D        | Received a gift from Trog
  8312 | D        | Noticed Frances
  8318 | D        | Killed Frances
  8351 | D        | Received a gift from Trog
  8356 | D        | Reached skill level 15 in Long Blades
  8363 | D        | Received a gift from Trog
  8503 | D        | Noticed a golden dragon
  8503 | D        | Noticed a bone dragon
  8503 | D        | Noticed a golden dragon
  8506 | D        | Killed a golden dragon
  8508 | D        | Killed a golden dragon
  8509 | D        | Received a gift from Trog
  8510 | D        | Reached XP level 18. HP: 200/200 MP: 17/17
  8513 | D        | Noticed a bone dragon
  8528 | D        | Killed a bone dragon
  8536 | D        | Killed a bone dragon
  8537 | D        | Reached skill level 15 in Throwing
  8550 | D        | Received a gift from Trog
  8633 | D        | Received a gift from Trog
  8679 | D        | Received a gift from Trog
  8927 | D        | Noticed a tentacled monstrosity
  8932 | D        | Killed a tentacled monstrosity
  8932 | D        | Received a gift from Trog
  8982 | D        | Noticed a tentacled monstrosity
  8982 | D        | Noticed a tentacled monstrosity
  8987 | D        | Killed a tentacled monstrosity
  8987 | D        | Received a gift from Trog
  8990 | D        | Noticed a golden dragon
  8998 | D        | Killed a tentacled monstrosity
  9009 | D        | Received a gift from Trog
  9011 | D        | Killed a golden dragon
  9128 | D        | Noticed an Orb Guardian
  9128 | D        | Noticed an Orb Guardian
  9128 | D        | Noticed an Orb Guardian
  9128 | D        | Noticed an Orb Guardian
  9128 | D        | Noticed an Orb Guardian
  9128 | D        | Noticed an Orb Guardian
  9129 | D        | Noticed an Orb Guardian
  9133 | D        | Killed an Orb Guardian
  9134 | D        | Noticed an Orb Guardian
  9136 | D        | Killed an Orb Guardian
  9136 | D        | Killed an Orb Guardian
  9137 | D        | Noticed an Orb Guardian
  9138 | D        | Killed an Orb Guardian
  9139 | D        | Noticed an Orb Guardian
  9143 | D        | Killed an Orb Guardian
  9143 | D        | Received a gift from Trog
  9145 | D        | Killed an Orb Guardian
  9149 | D        | Killed an Orb Guardian
  9150 | D        | Reached XP level 19. HP: 207/207 MP: 18/18
  9234 | D        | Received a gift from Trog
  9345 | D        | Noticed an ancient lich
  9351 | D        | Killed an ancient lich
  9351 | D        | Received a gift from Trog
  9366 | D        | Noticed an orb of fire
  9380 | D        | Gained mutation: Armour fits poorly on your strangely
                  | shaped body. [an orb of fire]
  9382 | D        | Killed an orb of fire
  9509 | D        | Lost mutation: Armour fits poorly on your strangely shaped
                  | body. [potion of mutation]
  9509 | D        | Gained mutation: Your mind is acute. (Int +2) [potion of
                  | mutation]
  9509 | D        | Gained mutation: Your flesh is cold resistant. (rC+)
                  | [potion of mutation]
  9513 | D        | Noticed an electric golem
  9520 | D        | Killed an electric golem
  9537 | D        | Noticed an orb of fire
  9537 | D        | Noticed an ancient lich
  9537 | D        | Noticed a Killer Klown
  9537 | D        | Noticed an electric golem
  9537 | D        | Noticed an orb of fire
  9539 | D        | Received a gift from Trog
  9540 | D        | Killed a Killer Klown
  9540 | D        | Noticed an orb of fire
  9542 | D        | Killed an orb of fire
  9544 | D        | Killed an ancient lich
  9546 | D        | Killed an orb of fire
  9546 | D        | Received a gift from Trog
  9547 | D        | Killed an orb of fire
  9549 | D        | Killed an electric golem
  9555 | D        | Noticed an orb of fire
  9556 | D        | Noticed an electric golem
  9559 | D        | Noticed an ancient lich
  9560 | D        | Reached skill level 27 in Long Blades
  9561 | D        | Killed an electric golem
  9562 | D        | Reached XP level 20. HP: 210/216 MP: 19/19
  9562 | D        | Killed an orb of fire
  9562 | D        | Received a gift from Trog
  9572 | D        | Killed an ancient lich
  9650 | D        | Received a gift from Trog
  9652 | D        | Reached skill level 27 in Stealth
  9659 | D        | Received a gift from Trog
  9660 | D        | Reached skill level 27 in Evocations
  9675 | D        | Reached skill level 27 in Throwing
  9796 | D        | Noticed an ancient lich
  9805 | D        | Identified the +9 halberd "Ogrebane" {vorpal, +Blink} (Trog
                  | gifted it to you in the Dungeon)
  9805 | D        | Received a gift from Trog
  9811 | D        | Killed an ancient lich
  9811 | D        | Received a gift from Trog
  9812 | D        | Noticed an ancient lich
  9822 | D        | Received a gift from Trog
  9824 | D        | Killed an ancient lich
  9888 | D        | Received a gift from Trog
  9901 | D        | Received a gift from Trog
  9924 | D        | Received a gift from Trog
  9925 | D        | Reached skill level 27 in Dodging
  9927 | D        | Reached skill level 1 in Short Blades
  9927 | D        | Reached skill level 1 in Axes
  9927 | D        | Reached skill level 1 in Staves
  9927 | D        | Reached skill level 1 in Slings
  9927 | D        | Reached skill level 1 in Bows
  9927 | D        | Reached skill level 1 in Crossbows
  9927 | D        | Reached skill level 1 in Shields
  9927 | D        | Reached skill level 1 in Unarmed Combat
  9927 | D        | Reached skill level 1 in Invocations
  9942 | D        | Received a gift from Trog
  9955 | D        | Received a gift from Trog
  9965 | D        | Reached skill level 5 in Axes
  9965 | D        | Reached skill level 5 in Shields
  9966 | D        | Reached skill level 5 in Staves
  9967 | D        | Received a gift from Trog
  9968 | D        | Reached skill level 5 in Short Blades
 10018 | D        | Got an elven rune of Zot
 10044 | D        | Reached skill level 5 in Slings
 10044 | D        | Reached skill level 5 in Bows
 10044 | D        | Reached skill level 5 in Crossbows
 10044 | D        | Reached skill level 5 in Unarmed Combat
 10045 | D        | Reached skill level 5 in Invocations
 10046 | D        | Reached XP level 21. HP: 217/224 MP: 22/24
 10047 | D        | Received a gift from Trog
 10068 | D        | Noticed the Royal Jelly
 10074 | D        | Killed the Royal Jelly
 10088 | D        | Reached skill level 10 in Axes
 10088 | D        | Reached skill level 10 in Staves
 10088 | D        | Reached skill level 10 in Shields
 10098 | D        | Received a gift from Trog
 10107 | D        | Got a slimy rune of Zot
 10282 | D        | Received a gift from Trog
 10283 | D        | Reached skill level 10 in Short Blades
 10283 | D        | Reached skill level 10 in Slings
 10283 | D        | Reached skill level 10 in Bows
 10283 | D        | Reached skill level 10 in Crossbows
 10283 | D        | Reached skill level 10 in Unarmed Combat
 10287 | D        | Received a gift from Trog
 10287 | D        | Paralysed by a sphinx for 5 turns
 10299 | D        | Reached skill level 10 in Invocations
 10302 | D        | Received a gift from Trog
 10368 | D        | Received a gift from Trog
 10387 | D        | Received a gift from Trog
 10475 | D        | Identified the +6 dire flail of Innocence {vorpal, rElec
                  | rPois} (Trog gifted it to you in the Dungeon)
 10475 | D        | Received a gift from Trog
 10578 | D        | Noticed a royal mummy
 10578 | D        | Noticed a royal mummy
 10578 | D        | Noticed a royal mummy
 10582 | D        | Killed a royal mummy
 10582 | D        | Received a gift from Trog
 10582 | D        | Killed a royal mummy
 10583 | D        | Noticed a royal mummy
 10584 | D        | Killed a royal mummy
 10960 | D        | Killed a royal mummy
 10960 | D        | Received a gift from Trog
 10998 | D        | Noticed a royal mummy
 11007 | D        | Killed a royal mummy
 11095 | D        | Got a golden rune of Zot
 11102 | D        | Received a gift from Trog
 11112 | D        | Received a gift from Trog
 11115 | D        | Got an abyssal rune of Zot
 11307 | D        | Noticed Geryon
 11321 | D        | Killed Geryon
 11371 | D        | Noticed Gloorx Vloq
 11372 | D        | Found the +4 staff of Dispater
 11372 | D        | Noticed Dispater
 11376 | D        | Noticed Mnoleg
 11381 | D        | Killed Gloorx Vloq
 11382 | D        | Reached skill level 15 in Axes
 11382 | D        | Reached skill level 15 in Staves
 11382 | D        | Reached skill level 15 in Shields
 11382 | D        | Reached XP level 22. HP: 233/233 MP: 30/30
 11382 | D        | Noticed Antaeus
 11384 | D        | Gained mutation: You are clumsy. (Dex -2) [Mnoleg's
                  | mutagenic touch]
 11580 | D        | Killed Antaeus
 11639 | D        | Killed Mnoleg
 11640 | D        | Reached skill level 15 in Short Blades
 11640 | D        | Reached skill level 15 in Slings
 11640 | D        | Reached skill level 15 in Bows
 11640 | D        | Reached skill level 15 in Crossbows
 11640 | D        | Reached skill level 15 in Unarmed Combat
 11658 | D        | Killed Dispater
 11746 | D        | Got a dark rune of Zot
 11750 | D        | Got an iron rune of Zot
 11754 | D        | Got a bone rune of Zot
 11757 | D        | Found the +7 sceptre of Asmodeus
 11757 | D        | Noticed Asmodeus
 11760 | D        | Found the +6 sword of Cerebov {flame}
 11760 | D        | Noticed Cerebov
 11762 | D        | Noticed Lom Lobon
 11774 | D        | Killed Asmodeus
 11787 | D        | Slain by Cerebov

Illustrated notes

Levels and vault maps discovered:
D:        linesprint [early_d, line_temple, items_1, d_10, items_2, lair_1,
          lair_end, items_3, orc_1, orc_end, items_4, d_15, swamp_1, shoals_1,
          snake_1, spider_1, d_20, vaults_1, items_5, swamp_end, shoals_end,
          snake_end, spider_end, vaults_end, d_27, items_6, zot_1, zot_end,
          crypt_end, forest_end, elf_end, slime_end, tomb_end, abyss_end,
          pan_hell_end]

Skill      XL: |  1  2  3  4  5  6  7  8  9 10 11 12 13 14 15 16 17 18 19 20 21 22 |
---------------+-------------------------------------------------------------------+-----
Fighting       | 5 7 10 11 13 14 15 16 18 20 22 26 27 | 27.0
Polearms       | 5 7 10 12 13 15 17 18 22 23 | 23.3
Armour         | 3 5 6 7 8 10 12 14 16 19 22 25 27 | 27.0
Dodging        | 4 5 6 7 8 9 10 11 13 15 17 19 27 | 27.0
Maces & Flails | 2 10 16 20 23 26 27 | 27.0
Evocations     | 1 2 10 17 20 22 25 27 | 27.0
Stealth        | 2 3 4 11 17 20 23 26 27 | 27.0
Long Blades    | 5 16 22 27 | 27.0
Throwing       | 4 14 19 23 27 | 27.0
Short Blades   | 6 14 16 | 16.1
Axes           | 6 15 17 | 17.3
Staves         | 6 15 17 | 17.3
Slings         | 6 14 16 | 16.1
Bows           | 6 14 16 | 16.1
Crossbows      | 6 14 16 | 16.1
Shields        | 6 15 17 | 17.3
Unarmed Combat | 6 14 16 | 16.1
Invocations    | 5 13 14 | 14.9

Action                   |  1- 3 |  4- 6 |  7- 9 | 10-12 | 13-15 | 16-18 | 19-21 | 22-24 || total
-------------------------+-------+-------+-------+-------+-------+-------+-------+-------++-------
Melee: Spear             |    21 |     3 |       |       |       |       |       |       ||    24
       Headbutt          |     1 |     3 |    10 |    38 |    86 |   115 |    63 |    27 ||   343
       Halberd           |       |    11 |    28 |       |       |       |       |       ||    39
       Great mace        |       |       |    10 |   155 |   274 |   403 |   168 |    22 ||  1032
       Great sword       |       |       |       |       |       |       |    77 |    33 ||   110
Throw: Javelin           |       |       |       |       |       |       |    50 |    12 ||    62
Invok: Berserk           |     1 |     1 |     2 |     6 |     8 |    11 |     7 |     3 ||    39
       Brothers in Arms  |       |       |       |     1 |     1 |       |       |     1 ||     3
Evoke: Wand              |       |       |     2 |     2 |       |       |       |       ||     4
  Use: Potion            |       |       |     1 |     1 |     6 |     5 |     4 |       ||    17
       Scroll            |       |       |       |       |     3 |    13 |       |     2 ||    18
 Stab: Sleeping          |       |       |       |       |       |       |     1 |       ||     1
Armor: Animal skin       |     1 |       |       |       |       |       |       |       ||     1
       Chain mail        |       |     5 |     4 |    41 |       |       |       |       ||    50
       Plate armour      |       |       |       |    13 |   168 |   106 |       |       ||   287
       Gold dragon scale |       |       |       |       |       |    96 |    94 |    26 ||   216
Dodge: Dodged            |    12 |     4 |    12 |    51 |   148 |   184 |   114 |    16 ||   541
       Rpst.: Great sword |       |       |       |       |       |       |     3 |     3 ||     6

Table legend: (Time is in decaauts) A = Elapsed time spent in this place. B = Non-inter-level travel time spent in this place. C = Inter-level travel time spent in this place. D = Time resting spent in this place. E = Time spent auto-exploring this place. F = Levels seen in this place. G = Mean time per level. A B C D E F G +--------+--------+--------+--------+--------+-----+--------+ Total | 11797 | 11676 | 121 | 5359 | 1653 | 1 | 11797.0 | Dungeon | 11797 | 11676 | 121 | 5359 | 1653 | 1 | 11797.0 | +--------+--------+--------+--------+--------+-----+--------+

Top non-repeatable levels by time:
       D: 11797 daAuts
